 Dungeon Crawl Stone Soup version 0.30.0-19-g36f170ea60 (webtiles) character file.

Game seed: 15129325446885798618

5769 AiryTheDragon the Magician (level 10, -1/57 (65) HPs)
             Began as a Purple Draconian Venom Mage on May 30, 2023.
             Was an Elder of Fedhas.
             Slain by a wight
             ... wielding a +5 dire flail of freezing
              (15 damage)
             ... on level 8 of the Dungeon.
             The game lasted 01:54:42 (8581 turns).

AiryTheDragon the Magician (DrVM)                   Turns: 8581, Time: 01:54:42

HP:   -1/57 (65)    AC:  8    Str: 11    XL:     10   Next: 49%
MP:   20/20         EV: 13    Int: 18    God:    Fedhas [****..]
Gold: 479           SH:  0    Dex: 13    Spells: 6/22 levels left

rFire   . . .        a - +5 battleaxe (freeze)
rCold   + . .        (shield currently unavailable)
rNeg    . . .        (body armour unavailable)
rPois   .            (helmet restricted)
rElec   .            m - +0 cloak
rCorr   .            (no gloves)
SInv    .            (no boots)
Will    ++...        q - amulet of magic regeneration
Stlth   ++           t - ring of willpower
HPRegen 0.29/turn    w - ring of protection from cold
MPRegen 0.57/turn

%: no passive effects
@: short of breath, heavily drained
A: breathe power, AC +7, unfitting armour, cold-blooded, frail 1
a: Breathe Dispelling Energy, Renounce Religion, Wall of Briars, Grow
Ballistomycete, Overgrow


You were on level 8 of the Dungeon.
You worshipped Fedhas.
Fedhas was greatly pleased with you.
You visited 2 branches of the dungeon, and saw 9 of its levels.

You collected 479 gold pieces.

Inventory:

Hand Weapons
 a - a +5 battleaxe of freezing (weapon)
 c - a +3 short sword
 x - a +0 trident of venom
 I - a +1 hand axe of distortion
 K - a +2 dagger of venom
 O - a -1 demon whip of venom
 P - a +0 shortbow
Missiles
 o - 5 atropa-tipped darts
 p - 4 throwing nets
 F - 3 boomerangs
 G - 2 javelins
 J - 22 poisoned darts
Armour
 m - a +0 cloak (worn)
 N - a +0 kite shield
Magical Staves
 h - a staff of poison
 H - a staff of cold
Jewellery
 l - a ring of ice
 q - an amulet of magic regeneration (around neck)
 t - a ring of willpower (left hand)
 w - a ring of protection from cold (right hand)
 L - an amulet of guardian spirit
Wands
 s - a wand of iceblast (6)
Scrolls
 f - a scroll of poison {unknown}
 g - a scroll of magic mapping
 i - a scroll of noise {unknown}
 j - 4 scrolls of teleportation
 n - a scroll of brand weapon {unknown}
 r - 4 scrolls of fog
 y - a scroll of blinking {unknown}
 A - a scroll of fear {unknown}
 B - a scroll of amnesia {unknown}
 C - 3 scrolls of enchant weapon {unknown}
 D - a scroll of immolation {unknown}
 M - a scroll of enchant armour {unknown}
Potions
 b - a potion of flight {unknown}
 d - 2 potions of brilliance
 e - a potion of cancellation {unknown}
 k - a potion of berserk rage {unknown}
 u - a potion of haste
 v - 2 potions of might
 z - 2 potions of attraction
 E - 2 potions of lignification {unknown}


   Skills:
 + Level 2.0 Fighting
 * Level 4.5 Axes
 + Level 1.2 Staves
 + Level 1.1 Throwing
 + Level 3.3 Dodging
 + Level 3.5 Stealth
 * Level 1.7 Shields
 + Level 6.8 Spellcasting
 * Level 3.0 Conjurations
 + Level 4.4 Translocations
 * Level 5.1 Transmutations
 * Level 5.8 Air Magic
 + Level 6.3 Poison Magic
 * Level 1.7 Invocations
 * Level 5.8 Evocations


You had 6 spell levels left.
You knew the following spells:

 Your Spells              Type           Power      Damage    Failure   Level
a - Sting                 Tmut/Pois      100%       1d8       1%          1
b - Poisonous Vapours     Pois/Air       56%        N/A       1%          2
c - Mephitic Cloud        Conj/Pois/Air  24%        N/A       4%          3
d - Olgreb's Toxic Radia  Pois           28%        N/A       9%          4
e - Gell's Gravitas       Tloc           22%        N/A       5%          3
f - Teleport Other        Tloc           22%        N/A       5%          3

Your spell library contained the following spells:

 Spells                   Type           Power      Damage    Failure   Level
 Dispersal                Tloc           11%        N/A       95%         6


Dungeon Overview and Level Annotations

Branches:
Dungeon (8/15)             Temple (1/1) D:5
   Lair: D:8-11

Altars:
Ashenzari
Cheibriados
Dithmenos
Elyvilon
Fedhas
Gozag
Hepliaklqana
Kikubaaqudgha
Makhleb
Nemelex Xobeh
Okawaru
Qazlal
Ru
Sif Muna
Trog
Uskayaw
Vehumet
Wu Jian
Xom
Zin
The Shining One

Annotations:
D:8 Erica, Joseph


Innate Abilities, Weirdness & Mutations

You can breathe bolts of dispelling energy.
Your rich purple scales are hard. (AC +7)
You cannot fit into any form of body armour.
You are cold-blooded and may be slowed by cold attacks.
You are frail. (-10% HP)


Message History

The kobold shouts!
You hear a shout! x4
A kobold comes into view. It is wielding a +0 short sword.
The wight hits you with a +3 spear of freezing.
A kobold comes into view. It is wielding a +0 dagger.
The wight hits you with a +3 spear of freezing.
You feel drained.
The kobold moves out of view.
A kobold brigand comes into view.
It is wielding a +0 dagger and quivering poisoned darts.
You closely miss the wight.
The wight is lightly damaged.
Joseph, a Mercenary comes into view.
He is wielding a +2 quarterstaff of speed.
Joseph shouts!
You slash the wight!
Your tail-slap misses the wight.
The wight is severely damaged.
The wight hits you with a +3 spear of freezing.
You feel drained.
A kobold comes into view. It is wielding a +0 whip.
The wight hits you with a +5 dire flail of freezing!
The wight freezes you.
The wight hits you with a +3 spear of freezing.
The wight freezes you. The wight attacks as you move away!
The wight closely misses you.
The wight hits you from afar with a +3 spear of freezing.
You feel drained. The wight attacks as you move away!
The wight hits you with a +5 dire flail of freezing!
* * * LOW HITPOINT WARNING * * *
You feel drained.
* * * LOW HITPOINT WARNING * * *
The wight freezes you.
* * * LOW HITPOINT WARNING * * *
Aiming: Breathe Dispelling Energy (3% risk of failure)
Press: ? - help, Shift-Dir - straight line, f/p - wight
Aim: a wight, wielding a +3 spear of freezing and wearing a +0 robe (severely damaged, 53% to hit)
You breathe a bolt of dispelling energy.
The bolt of dispelling energy misses the wight.
The bolt of dispelling energy hits the wight.
The wight is almost destroyed.
The wight hits you with a +5 dire flail of freezing!
You die...
Fedhas appreciates your contribution to the ecosystem.

*,.KK,,,*
#.#*******#.#
*,..K,,,* #.# #.#
*,,.K,,,* #.# #.#
*,,..,,,* #.# #.#
***#K**** #.# #.## #(*
#.# ##... ##(## #.#
#....
#..z#####.########..#.
#..zz@...^............
#...####...#######..##
##### #..............
#...########### #####


You could see 3 wights.

Vanquished Creatures
  Amaemon (D:8)
  Pikel (D:8)
  An orange demon (D:8)
  Eustachio (D:6)
  Grum (D:8)
  2 water moccasins
  3 sky beasts
  2 black bears
  An orc warrior (D:7)
  An ice beast (D:5)
  An ogre (D:5)
  4 wolves (D:8)
  3 centaurs (D:7)
  4 kobold brigands
  4 gnoll sergeants (D:7)
  4 scorpions (D:6)
  9 wights
  4 killer bees (D:8)
  6 hounds
  2 jellies
  7 orc priests
  A gnoll bouda (D:5)
  9 iguanas
  Ijyb (D:3)
  7 orc wizards
  19 gnolls
  7 adders
  A shadow imp (D:5)
  2 ufetubi
  A worm (D:2)
  A dart slug (D:1)
  26 orcs
  3 ball pythons
  8 endoplasms
  3 giant cockroaches (D:1)
  4 goblins
  14 hobgoblins
  4 jackals
  A quokka (D:1)
  6 bats
  A frilled lizard (D:2)
  24 kobolds
  4 rats
209 creatures vanquished.

Vanquished Creatures (others)
  2 orcs (D:6)
2 creatures vanquished.

Grand Total: 211 creatures vanquished

Notes
Turn   | Place    | Note
-------+----------+-------------------------------------------
     0 | D:1      | AiryTheDragon the Draconian Venom Mage began the quest for
                  | the Orb.
     0 | D:1      | Reached XP level 1. HP: 14/14 MP: 3/3
   364 | D:1      | Reached XP level 2. HP: 18/20 MP: 0/5
   447 | D:1      | Learned a level 2 spell: Poisonous Vapours
  1911 | D:2      | Reached XP level 3. HP: 26/26 MP: 4/6
  2527 | D:3      | Learned a level 3 spell: Mephitic Cloud
  2571 | D:3      | Reached XP level 4. HP: 33/33 MP: 1/7
  2737 | D:3      | Noticed Ijyb
  2759 | D:3      | Killed Ijyb
  2760 | D:3      | Reached skill level 1 in Air Magic
  2760 | D:3      | Reached skill level 1 in Evocations
  2949 | D:3      | Reached XP level 5. HP: 29/38 MP: 1/9
  3633 | D:4      | Reached XP level 6. HP: 45/45 MP: 8/10
  3667 | D:4      | Found a sacrificial altar of Ru.
  4516 | D:5      | Entered Level 5 of the Dungeon
  4528 | D:5      | Learned a level 4 spell: Olgreb's Toxic Radiance
  4722 | D:5      | Found a staircase to the Ecumenical Temple.
  4736 | Temple   | Entered the Ecumenical Temple
  4743 | Temple   | Became a worshipper of Fedhas Madash
  4823 | D:5      | Your scales start taking on a rich purple colour.
  4823 | D:5      | Reached XP level 7. HP: 47/50 MP: 4/13
  4907 | D:5      | Reached skill level 1 in Staves
  5469 | D:6      | Learned a level 3 spell: Gell's Gravitas
  5586 | D:6      | Gained mutation: Your mind is acute. (Int +4, Str/Dex -1)
                  | [potion of mutation]
  5586 | D:6      | Gained mutation: You are vulnerable to cold. (rC-) [potion
                  | of mutation]
  5587 | D:6      | Lost mutation: You are vulnerable to cold. (rC-) [potion of
                  | mutation]
  5587 | D:6      | Lost mutation: Your mind is acute. (Int +4, Str/Dex -1)
                  | [potion of mutation]
  5587 | D:6      | Gained mutation: Your spells are a little harder to cast,
                  | but a little more powerful. [potion of mutation]
  5587 | D:6      | Gained mutation: You are weak. (Str -2) [potion of
                  | mutation]
  5587 | D:6      | Gained mutation: You expend magic power (3 MP) to
                  | strengthen your wands. [potion of mutation]
  5588 | D:6      | Lost mutation: You are weak. (Str -2) [potion of mutation]
  5588 | D:6      | Lost mutation: Your spells are a little harder to cast, but
                  | a little more powerful. [potion of mutation]
  5588 | D:6      | Gained mutation: You have a pair of small horns on your
                  | head. [potion of mutation]
  5588 | D:6      | Gained mutation: Your spells are a little easier to cast,
                  | but a little less powerful. [potion of mutation]
  5588 | D:6      | Gained mutation: You are agile. (Dex +4, Str/Int -1)
                  | [potion of mutation]
  5588 | D:6      | Gained mutation: Your system is resistant to poisons.
                  | (rPois) [potion of mutation]
  5589 | D:6      | Lost mutation: Your system is resistant to poisons. (rPois)
                  | [potion of mutation]
  5589 | D:6      | Lost mutation: You are agile. (Dex +4, Str/Int -1) [potion
                  | of mutation]
  5589 | D:6      | Lost mutation: You expend magic power (3 MP) to strengthen
                  | your wands. [potion of mutation]
  5589 | D:6      | Gained mutation: You are vulnerable to heat. (rF-) [potion
                  | of mutation]
  5589 | D:6      | Gained mutation: You passively map a small area around you.
                  | [potion of mutation]
  5712 | D:6      | Reached skill level 5 in Poison Magic
  5712 | D:6      | Reached XP level 8. HP: 53/57 MP: 12/15
  5781 | D:6      | Reached * piety under Fedhas
  5782 | D:6      | Reached skill level 5 in Spellcasting
  5786 | D:6      | Learned a level 3 spell: Teleport Other
  5815 | D:6      | Noticed Eustachio
  5988 | D:6      | Reached skill level 1 in Translocations
  6127 | D:6      | Killed Eustachio
  6183 | D:6      | Reached skill level 1 in Conjurations
  6538 | D:6      | Found a shadowy altar of Dithmenos.
  6538 | D:6      | Found a shimmering altar of Xom.
  6539 | D:6      | Found an ancient bone altar of Kikubaaqudgha.
  6659 | D:7      | Reached ** piety under Fedhas
  6668 | D:7      | Reached XP level 9. HP: 44/63 MP: 4/17
  7091 | D:7      | Reached skill level 1 in Throwing
  7096 | D:7      | Reached skill level 1 in Fighting
  7096 | D:7      | Reached skill level 1 in Axes
  7224 | D:7      | Reached skill level 5 in Air Magic
  7234 | D:7      | Reached *** piety under Fedhas
  7236 | D:7      | Reached skill level 5 in Evocations
  7569 | D:8      | Noticed Grum
  7579 | D:8      | Killed Grum
  7591 | D:8      | Reached XP level 10. HP: 72/73 MP: 7/19
  7598 | D:8      | Lost mutation: You passively map a small area around you.
                  | [potion of mutation]
  7598 | D:8      | Lost mutation: You are vulnerable to heat. (rF-) [potion of
                  | mutation]
  7598 | D:8      | Lost mutation: You have a pair of small horns on your head.
                  | [potion of mutation]
  7598 | D:8      | Lost mutation: Your spells are a little easier to cast, but
                  | a little less powerful. [potion of mutation]
  7598 | D:8      | Gained mutation: You are frail. (-10% HP) [potion of
                  | mutation]
  7643 | D:8      | Noticed Amaemon
  7664 | D:8      | Noticed an orange demon
  7901 | D:8      | Reached **** piety under Fedhas
  8005 | D:8      | Noticed Pikel
  8022 | D:8      | Killed Pikel
  8023 | D:8      | Reached skill level 1 in Shields
  8128 | D:8      | Reached skill level 1 in Invocations
  8129 | D:8      | Killed an orange demon
  8130 | D:8      | Reached skill level 5 in Transmutations
  8148 | D:8      | Killed Amaemon
  8367 | D:8      | Noticed Erica
  8577 | D:8      | Noticed Joseph
  8581 | D:8      | Slain by a wight

Illustrated notes

Levels and vault maps discovered:
D:1:      dpeg_arrival_arbitrary_b, layout_loops_corners, minmay_pentomino_q4
D:2:      layout_basic
D:3:      layout_basic, uniq_ijyb
D:4:      layout_layer_cave, mainiacjoe_overflow_small_starburst,
          minmay_statues_item
D:5:      layout_gridville, minmay_temple_entry_proselytizer
D:6:      nicolae_cairo_tiling_large, layout_rooms,
          gammafunk_temple_overflow_forgotten, uniq_eustachio
D:7:      kennysheep_housing_project, layout_rooms
D:8:      layout_loops_ring, uniq_pikel, uniq_joseph, uniq_erica, uniq_grum,
          uniq_amaemon
Temple:   sentei_temple_godly_chess

Skill      XL: |  1  2  3  4  5  6  7  8  9 10 |
---------------+-------------------------------+-----
Stealth        | 2 3 |  3.5
Transmutations | 2 3 4 5 |  5.1
Air Magic      | 1 2 3 4 5 |  5.8
Evocations     | 1 2 3 4 5 |  5.8
Spellcasting   | 3 4 5 6 |  6.8
Dodging        | 2 3 |  3.3
Poison Magic   | 4 5 6 |  6.3
Staves         | 1 |  1.2
Translocations | 2 4 |  4.4
Conjurations   | 1 3 |  3.0
Throwing       | 1 |  1.1
Fighting       | 1 2 |  2.0
Axes           | 3 4 |  4.5
Shields        | 1 |  1.7
Invocations    | 1 |  1.7

Action                     |  1- 3 |  4- 6 |  7- 9 | 10-12 || total
---------------------------+-------+-------+-------+-------++-------
  Melee: Unarmed           |     6 |       |       |       ||     6
         Dagger            |     9 |       |       |       ||     9
         Tailslap          |     8 |    13 |    11 |     4 ||    36
         Staff             |    18 |    74 |    64 |       ||   156
         Punch             |       |       |     1 |       ||     1
         Headbutt          |       |       |    14 |       ||    14
         Battleaxe         |       |       |    42 |    24 ||    66
  Throw: Dart              |       |     3 |     7 |     2 ||    12
         Javelin           |       |       |    10 |     2 ||    12
         Boomerang         |       |       |     1 |       ||     1
   Cast: Sting             |    64 |    66 |   131 |    13 ||   274
         Poisonous Vapours |     2 |    11 |    16 |     4 ||    33
         Mephitic Cloud    |     1 |    11 |    37 |    11 ||    60
         Olgreb's Toxic Ra |       |       |     9 |     4 ||    13
         Teleport Other    |       |       |       |     2 ||     2
 Invoke: Wall of Briars    |       |       |       |     1 ||     1
Ability: Breathe Dispellin |       |       |     9 |     4 ||    13
  Evoke: Wand              |       |       |    11 |     1 ||    12
    Use: Scroll            |     3 |       |     4 |     5 ||    12
         Potion            |       |     5 |     6 |     8 ||    19
   Stab: Sleeping          |     3 |     2 |     5 |     1 ||    11
         Confused          |       |     1 |     5 |     2 ||     8
         Invisible         |       |       |     2 |       ||     2
 Armour: Skin              |    21 |    43 |    64 |     8 ||   136
  Dodge: Dodged            |    42 |    79 |   133 |    22 ||   276
